 Dungeon Crawl Stone Soup version 0.16-a0-2930-gdd371d7 (console) character file.

299 hhkb the Sneak (level 6, -1/36 HPs)
             Began as an Octopode Enchanter on Dec 2, 2014.
             Slain by a giant frog (4 damage)
             ... in a sewer.
             The game lasted 00:20:39 (5509 turns).

hhkb the Sneak (Octopode Enchanter)                 Turns: 5509, Time: 00:20:39

Health: -1/36      AC:  1    Str:  8    XL:     6   Next: 36%
Magic:  2/10       EV: 12    Int: 19    God:
Gold:   92         SH:  0    Dex: 12    Spells: 4 memorised, 0 levels left

rFire  . . .     SeeInvis .     a - +2 dagger
rCold  . . .     Clarity  .     (no shield)
rNeg   . . .     SustAb   .     (helmet restricted)
rPois  .         Gourm    .     (no amulet)
rElec  .         Spirit   .     p - ring of stealth {Stlth+}
rCorr  .         Warding  .     q - ring of loudness (curse) {Stlth-}
rMut   .         Stasis   .     (no ring)
MR     .....                    (no ring)
Stlth  +++++.....               (no ring)
                                (no ring)
                                (no ring)
                                (no ring)

@: very slightly contaminated, not resistant to hostile enchantments, quite
stealthy
A: almost no armour, amphibious, 8 rings, constrict 8, camouflage 1, gelatinous
body 1
a: no special abilities


You were in a sewer.
You were not hungry.

You visited 1 branch of the dungeon, and saw 3 of its levels.
You also visited: Sewer.

You collected 92 gold pieces.

Inventory:

Hand weapons
 a - a +2 dagger (weapon)
Missiles
 e - 13 stones (quivered)
 r - 2 tomahawks
Jewellery
 p - a ring of stealth (left tentacle) {Stlth+}
   (You found it on level 2 of the Dungeon)
 q - a cursed ring of loudness (right tentacle) {Stlth-}
   (You found it on level 3 of the Dungeon)
Scrolls
 j - 2 scrolls of magic mapping {!r}
 n - a scroll of enchant weapon
Potions
 b - 2 potions of agility {unknown}
 i - 4 potions of haste {unknown}
 l - 2 potions of restore abilities
 o - a potion of ambrosia {unknown}
 s - a potion of cancellation {unknown}
 t - a potion of curing {unknown}
 u - a potion of berserk rage {unknown}
 v - a potion of magic {unknown}
 w - a potion of might {unknown}
 x - a potion of brilliance {unknown}
Books
 c - a book of Maledictions
Comestibles
 d - a bread ration {@e1}
 f - a slice of pizza
 h - 3 fruits
 k - a meat ration {@e2}
 m - a beef jerky
 z - a chunk of flesh {@w0}


   Skills:
 + Level 4.2 Short Blades
 - Level 2.0 Dodging
 + Level 7.6 Stealth
 - Level 2.0 Spellcasting
 - Level 3.0 Hexes


You couldn't memorise any spells.
You knew the following spells:

 Your Spells              Type           Power        Failure   Level  Hunger
a - Ensorcelled Hibernat  Hex/Ice        #.....       14%         2    ###....
b - Dazzling Spray        Conj/Hex       #.......     28%         3    ###....
c - Confuse               Hex            ##......     14%         3    ###....
v - Corona                Hex            ##.....      6%          1    #......


Dungeon Overview and Level Annotations

Branches:
Dungeon (3/15)

Altars:
Cheibriados
Okawaru

Annotations:
D:3 Terence


Innate Abilities, Weirdness & Mutations

You cannot wear most types of armour.
You are amphibious.
You can wear up to eight rings at the same time.
You can use your tentacles to constrict many enemies at once.
Your skin changes colour to match your surroundings (Stealth).
Your rubbery body absorbs attacks (AC +1).


Message History

You take 1 damage, and have 35/36 hp.
You hit the ball python.
You kill the ball python!
No target in view!
You start resting.
Health restored: 36 You see here a ball python corpse.
You aren't carrying any items that can be evoked.
Unknown command.
You butcher the ball python corpse.
z - a chunk of flesh {@w0} Eating a chunk of flesh {@w0}.
You continue eating. x2
Eat which item? (? for menu, Esc to quit)
Okay, then.
You aren't carrying any items that can be evoked.
Okay, then.
Unknown command.
You throw a stone. The stone hits the giant newt.
You barely miss the giant newt. Your grab misses the giant newt.
The giant newt misses you.
You hit the giant newt.
You kill the giant newt!
A ball python comes into view.
You throw a stone. The stone hits the ball python.
The ball python bites you. The ball python grabs you.
The ball python constricts you.
You take 1 damage, and have 35/36 hp.
You hit the ball python.
You kill the ball python!
A giant frog comes into view.
You throw a stone. The stone hits the ball python.
Health restored: 36 The ball python completely misses you.
The ball python closely misses you.
You hit the ball python.
You kill the ball python!
No target in view!
You see here a ball python corpse.
You butcher the ball python corpse.
You hear a splash.
z - a chunk of flesh {@w0} You see here a ball python skeleton.
You throw a stone. The stone hits the giant frog.
The giant frog gives a loud, deep croak!
The giant frog resists with some effort.
The giant frog hits you.
You take 5 damage, and have 31/36 hp.
You now have 8/10 mp.
The giant frog croaks.
The giant frog hits you!
You take 9 damage, and have 22/36 hp.
MASSIVE DAMAGE!!
The giant frog resists with some effort.
The giant frog hits you!
You take 8 damage, and have 14/36 hp.
MASSIVE DAMAGE!!
You now have 6/10 mp.
The giant frog resists with some effort.
The giant frog hits you!
* * * LOW HITPOINT WARNING * * *
The giant frog barely misses you. The giant frog hits you.
* * * LOW HITPOINT WARNING * * *
You take 10 damage, and have 4/36 hp.
MASSIVE DAMAGE!!
You now have 4/10 mp.
Read which item? (? for menu, Esc to quit)
Really read
g - a scroll of blinking {!r}? [Y]es or [N]o only, please.
Really read
g - a scroll of blinking {!r}? [Y]es or [N]o only, please.
Really read
g - a scroll of blinking {!r}?
Blink to where?
As you read the scroll of blinking {!r}, it crumbles to dust.
Floosh!
You are very lightly contaminated with residual magic.
The giant frog hits you.
* * * LOW HITPOINT WARNING * * *
You take 2 damage, and have 2/36 hp.
The giant frog barely misses you. The giant frog misses you.
Drink which item? (? for menu, Esc to quit)
Okay, then.
You aren't carrying any items that can be evoked.
Okay, then.
Unknown command.
The spray of energy hits the giant frog.
The giant frog is dazzled.
The spray of energy hits the giant frog.
The giant frog is dazzled.
The giant frog closely misses you. The giant frog barely misses you.
You now have 2/10 mp.
The giant frog barely misses you. The giant frog barely misses you.
You open the door. The giant frog closely misses you.
The giant frog closely misses you.
Found four items.
Found a gate leading back out of this place.
The giant frog is no longer blind. x2
There is an open door here.
The giant frog hits you.
You die...

≈≈≈≈.≈≈≈≈≈≈≈≈≈...##
≈≈≈≈≈≈≈≈≈≈≈≈≈≈.###
################
##### #!?!# #?∩?#
#!@!#
################F##
≈≈≈≈≈≈≈≈≈≈≈≈≈≈...#*
≈≈≈≈≈≈≈≈≈≈≈≈≈≈..F.#
≈≈≈≈≈≈≈≈≈≈≈≈≈≈....#
≈≈≈≈≈≈≈≈≈≈≈≈≈...(.#
≈≈≈≈÷≈≈≈≈≈≈≈≈..(.(#
≈≈≈≈§≈≈≈≈≈≈≈≈.(.(##
##################


You could see 2 giant frogs.

Vanquished Creatures
  10 adders
  8 river rats
  2 giant mites
  2 worms
  A giant gecko (D:2)
  An ooze (Sewer)
  3 orcs (D:3)
  16 ball pythons
  9 goblins
  6 hobgoblins
  8 jackals
  4 kobolds
  10 bats
  4 giant cockroaches
  8 giant newts
  29 rats
121 creatures vanquished.

Notes
Turn   | Place    | Note
--------------------------------------------------------------
     0 | D:1      | hhkb, the Octopode Enchanter, began the quest for the Orb.
     0 | D:1      | Reached XP level 1. HP: 11/11 MP: 3/3
   531 | D:1      | Reached XP level 2. HP: 15/17 MP: 4/4
   589 | D:1      | Learned a level 2 spell: Ensorcelled Hibernation
   858 | D:1      | Reached skill level 2 in Short Blades
   908 | D:1      | Reached XP level 3. HP: 21/21 MP: 6/6
   929 | D:1      | Reached skill level 5 in Stealth
  1541 | D:2      | Found an iron altar of Okawaru.
  1668 | D:2      | Learned a level 3 spell: Confuse
  1753 | D:2      | Reached XP level 4. HP: 27/27 MP: 7/7
  1760 | D:2      | Found a snail-covered altar of Cheibriados.
  1872 | D:2      | Reached skill level 6 in Stealth
  2264 | D:2      | Reached skill level 3 in Short Blades
  2535 | D:2      | Reached XP level 5. HP: 31/31 MP: 9/9
  3350 | D:3      | Noticed Terence
  3655 | D:3      | Found a glowing drain.
  3659 | Sewer    | Entered a sewer
  4130 | Sewer    | Reached skill level 7 in Stealth
  4168 | Sewer    | Reached skill level 4 in Short Blades
  4168 | Sewer    | Reached XP level 6. HP: 32/36 MP: 10/10
  4362 | Sewer    | HP: 4/36 [river rat (7)]
  4631 | Sewer    | Learned a level 3 spell: Dazzling Spray
  4922 | Sewer    | HP: 9/36 [poisoned by an adder]
  4927 | Sewer    | HP: 5/36 [poisoned by an adder]
  4934 | Sewer    | HP: 4/36 [poisoned by an adder]
  4942 | Sewer    | HP: 3/36 [poisoned by an adder]
  5499 | Sewer    | HP: 6/36 [giant frog (8)]
  5502 | Sewer    | HP: 2/36 [giant frog (2)]
  5509 | Sewer    | Slain by a giant frog

Action                   |  1- 3 |  4- 6 || total
-------------------------+-------+-------++-------
Melee: Dagger            |    68 |   143 ||   211
Throw: Stone             |    99 |   122 ||   221
 Cast: Ensorcelled Hiber |     1 |    25 ||    26
       Confuse           |       |     5 ||     5
       Dazzling Spray    |       |     3 ||     3
  Use: Scroll            |       |     7 ||     7
 Stab: Sleeping          |     2 |    21 ||    23
       Confused          |       |     1 ||     1
  Eat: Chunk             |     3 |    12 ||    15
       Fruit             |       |     2 ||     2

Vault maps used:
D:1:      dpeg_arrival_erosion, serial_corexii_hall, corexii_hall_statues_x,
          corexii_hall_statues_l
D:2:      cheibriados_altar_1, okawaru_gym_becter
D:3:      kennysheep_six_static_rooms, gup_sewer_entry_bowl,
          guppyfry_early_lair_pool, uniq_terence
Sewer:    sewer_minmay_w

Table legend:
 A = Turns spent in this place as a percentage of turns spent in the entire game.
 B = Non-inter-level travel turns spent in this place as a percentage of non-inter-level travel turns spent in the entire game.
 C = Inter-level travel turns spent in this place as a percentage of turns spent in this place.
 D = Turns resting spent in this place as a percentage of non-inter-level travel turns spent in this place.
 E = Turns spent auto-exploring this place as a percentage of non-inter-level travel turns spent in this place.
 F = Non-inter-level travel turns spent in this place divided by the number of levels of this place that you've seen.
                   A       B       C       D       E      F
               +-------+-------+-------+-------+-------+----------------------
         Total | 100.0 | 100.0 |   0.1 |   2.7 |   4.8 | 542.5
       Dungeon |  61.9 |  61.9 |   0.2 |   2.1 |   6.7 | 447.7
         Sewer |  38.1 |  38.1 |   0.0 |   3.6 |   1.7 | 827.0
               +-------+-------+-------+-------+-------+----------------------

Table legend:
 A = Kills in this place as a percentage of kills in entire the game.
 B = Kills by you in this place as a percentage of kills by you in the entire game.
 C = Kills by friends in this place as a percentage of kills by friends in the entire game.
 D = Other kills in this place as a percentage of other kills in the entire game.
 E = Experience gained in this place as a percentage of experience gained in the entire game.
 F = Experience gained in this place divided by the number of levels of this place that you have seen.
                   A       B       C       D       E      F
               +-------+-------+-------+-------+-------+----------------------
         Total | 100.0 | 100.0 |  -nan |  -nan | 100.0 | 107.0
       Dungeon |  59.5 |  59.5 |  -nan |  -nan |  58.4 |  83.3
         Sewer |  40.5 |  40.5 |  -nan |  -nan |  41.6 | 178.0
               +-------+-------+-------+-------+-------+----------------------
